AoeStats
← TheGl0ryH0leFinder

Lombardia

509339044Analyzed
2v2 RM · 7d ago on Sep 26, 2026· 62m 49s· 4 players
Game mode
Random Map
Map size
Medium (4 player)
Population
200
Speed
Normal
Resources
Standard
Victory
Conquest
Starting age
Dark Age
Ending age
Imperial Age
RankedLock teamsTeams togetherTeam positionsShared explorationLock speedFull tech treeHidden civsTurbo modeCheats
Victory
Defeat
🇦🇺 Ethiopians · Australia
1144
+17
🇨🇴 Bengalis · Colombia
1128
+17
🇬🇧 Hindustanis · United Kingdom
1164
-17
🇬🇧 Varangians · United Kingdom
1164
-17
tacos4life198
11:57 Feudal Age
12:37 Double-Bit Axe
13:18 Loom
19:07 Castle Age
17:22 Horse Collar
18:19 Wheelbarrow
24:17 Stone Mining
25:30 Gold Mining
26:32 Pikeman
29:54 Heavy Plow
30:09 Bow Saw
36:55 Imperial Age
36:11 Paiks
36:03 Fletching
36:13 Padded Archer Armor
36:36 Ballistics
37:13 Elite Elephant Archer
39:23 Bodkin Arrow
40:16 Conscription
41:08 Hand Cart
42:01 Gold Shaft Mining
42:29 Chemistry
42:40 Bloodlines
42:30 Husbandry
43:14 Bracer
43:30 Leather Archer Armor
48:06 Light Cavalry
49:40 Ring Archer Armor
50:08 Crop Rotation
50:40 Two-Man Saw
50:03 Mahayana
50:11 Elite Skirmisher
50:23 Siege Elephant
51:15 Scale Barding Armor
51:21 Forging
52:02 Guilds
56:42 Masonry
63:44 Sanctity
63:38 Fervor
Cutloose
5:21 Loom
10:38 Feudal Age
10:40 Man-at-Arms
11:39 Double-Bit Axe
20:48 Castle Age
21:34 Fletching
22:11 Crossbowman
31:37 Wheelbarrow
31:45 Husbandry
32:07 Bow Saw
31:49 Horse Collar
32:00 Light Cavalry
35:09 Bodkin Arrow
35:25 Heavy Plow
35:59 Scale Barding Armor
37:10 Thumb Ring
41:24 Imperial Age
39:40 Forging
40:56 Chain Barding Armor
41:38 Hand Cart
42:12 Town Watch
42:29 Bracer
41:52 Arbalester
43:09 Iron Casting
43:23 Town Patrol
44:51 Ballistics
46:46 Padded Archer Armor
46:33 Hussar
48:29 Chemistry
51:31 Blast Furnace
Faust
10:54 Feudal Age
11:27 Feudal Age
11:04 Loom
15:03 Horse Collar
15:11 Double-Bit Axe
17:36 Castle Age
16:13 Wheelbarrow
18:35 Bow Saw
22:19 Stone Mining
22:20 Gold Mining
23:26 Hand Cart
23:34 Hand Cart
23:05 Town Watch
23:16 Fletching
24:59 Bodkin Arrow
25:16 Padded Archer Armor
28:45 Grand Trunk Road
29:27 Gold Shaft Mining
31:15 Scale Mail Armor
31:26 Forging
39:56 Imperial Age
38:19 Chain Mail Armor
41:44 Iron Casting
42:04 Town Patrol
42:08 Bracer
42:17 Thumb Ring
44:55 Leather Archer Armor
45:41 Blast Furnace
44:47 Scale Barding Armor
46:11 Shatagni
48:30 Two-Man Saw
47:02 Elite Ghulam
47:58 Elite Skirmisher
50:25 Ballistics
51:06 Chemistry
49:50 Pikeman
50:32 Squires
51:42 Masonry
63:09 Conscription
TheGl0ryH0leFinder
7:31 Loom
10:06 Feudal Age
12:30 Double-Bit Axe
12:54 Horse Collar
13:37 Bloodlines
22:00 Castle Age
20:48 Forging
21:57 Gold Mining
21:57 Stone Mining
22:48 Husbandry
23:47 Bow Saw
24:42 Wheelbarrow
24:40 Scale Barding Armor
25:51 Heavy Plow
28:06 Town Watch
28:45 Hand Cart
30:23 Town Watch
31:39 Stone Shaft Mining
31:52 Chain Barding Armor
32:08 Iron Casting
31:24 Gambesons
37:26 Imperial Age
35:05 Fletching
35:15 Padded Archer Armor
35:17 Scale Mail Armor
36:20 Chain Mail Armor
35:56 Fletching
36:07 Padded Archer Armor
37:55 Elite Jarl
39:08 Conscription
39:18 Ballistics
40:37 Blast Furnace
40:12 Plate Barding Armor
40:17 Crop Rotation
40:51 Two-Man Saw
39:41 Vendel Legacy
44:39 Pikeman
45:20 Squires
45:05 Arson
45:18 Bodkin Arrow
45:59 Elite Skirmisher
47:31 Leather Archer Armor
47:17 Bracer
47:38 Cavalier
52:08 Bracer
52:53 Ring Archer Armor
59:43 Onager
Connection lost

Rejoining the realm…

Still unreachable

The connection could not be restored.

Session expired

The server has moved on; the page needs a fresh start.